 Dungeon Crawl Stone Soup version 0.29.1-15-g9cfb28693d (webtiles) character file.

Game seed: 8563479123401662305

5462 Manetho the Thaumaturge (level 10, 0/79 HPs)
             Began as a Purple Draconian Fire Elementalist on Mar 24, 2023.
             Was a Believer of Nemelex Xobeh.
             Slain by a vampire (5 damage)
             ... on level 8 of the Dungeon.
             The game lasted 00:38:50 (7148 turns).

Manetho the Thaumaturge (DrFE)                      Turns: 7148, Time: 00:38:51

Health: 0/79       AC: 10    Str: 10    XL:     10   Next: 41%
Magic:  2/22       EV: 13    Int: 30    God:    Nemelex Xobeh [**....]
Gold:   22         SH:  0    Dex: 14    Spells: 13/26 levels left

rFire   . . .      SeeInvis .   C - +2 glaive (vorpal)
rCold   . . .      Faith    .   (shield currently unavailable)
rNeg    . . .      Spirit   .   (body armour unavailable)
rPois   .          Reflect  .   (helmet restricted)
rElec   .          Harm     .   o - +2 cloak
rCorr   .          Rampage  .   (no gloves)
Will    +....                   (no boots)
Stlth   +++.......              (no amulet)
HPRegen 0.23/turn               a - +6 ring of intelligence
MPRegen 0.18/turn               j - +6 ring of intelligence

@: lethally poisoned (0 -> -2), very slightly contaminated
A: breathe power, AC +7, unfitting armour, cold-blooded
a: Breathe Dispelling Energy, Renounce Religion, Draw Escape, Draw Destruction,
Draw Summoning


You were on level 8 of the Dungeon.
You worshipped Nemelex Xobeh.
Nemelex Xobeh was pleased with you.
You visited 2 branches of the dungeon, and saw 9 of its levels.
You also visited: Bailey.

You collected 372 gold pieces.
You spent 350 gold pieces at shops.

Inventory:

Hand Weapons
 i - a +1 falchion of holy wrath
 m - a +6 falchion
 C - a +2 vorpal glaive (weapon)
Missiles
 z - 4 boomerangs
 E - 3 javelins
Armour
 o - a +2 cloak (worn)
Jewellery
 a - a +6 ring of intelligence (left hand)
 j - a +6 ring of intelligence (right hand)
Wands
 n - a wand of flame (15)
 v - a wand of quicksilver (1)
 y - a wand of iceblast (7)
Scrolls
 d - 3 scrolls of immolation
 g - a scroll of enchant weapon
 l - 2 scrolls of magic mapping
 p - a scroll of noise
 r - 3 scrolls of teleportation
 t - a scroll of torment
 u - a scroll of butterflies
 x - a scroll of identify
 D - a scroll of fear
 F - a scroll of poison
Potions
 b - 5 potions of flight {unknown}
 c - 5 potions of heal wounds
 e - 2 potions of haste {unknown}
 f - 3 potions of invisibility {unknown}
 h - 2 potions of cancellation {unknown}
 k - 2 potions of mutation {unknown}
 q - 2 potions of degeneration {unknown}
 s - 2 potions of curing
 w - a potion of magic
 B - a potion of brilliance {unknown}
 G - a potion of attraction {unknown}


   Skills:
 * Level 4.2 Fighting
 * Level 4.0 Long Blades
 * Level 0.3 Polearms
 * Level 0.4 Throwing
 * Level 4.1 Dodging
 * Level 4.6 Stealth
 * Level 8.9 Spellcasting
 * Level 4.3 Conjurations
 * Level 4.5 Hexes
 * Level 7.4 Fire Magic
 * Level 3.5 Invocations
 * Level 3.5 Evocations


You had 13 spell levels left.
You knew the following spells:

 Your Spells              Type           Power      Damage    Failure   Level
a - Foxfire               Conj/Fire      100%       2x1d9     1%          1
b - Scorch                Fire           100%       2d10      1%          2
c - Inner Flame           Hex/Fire       49%        N/A       1%          3
d - Tukima's Dance        Hex            40%        N/A       1%          3
e - Flame Wave            Conj/Fire      48%        2d12      3%          4

Your spell library contained the following spells:

 Spells                   Type           Power      Damage    Failure   Level
 Conjure Flame            Conj/Fire      48%        6-21      1%          3
 Frozen Ramparts          Ice            26%        1d4       12%         3
 Gell's Gravitas          Tloc           13%        N/A       12%         3
 Lesser Beckoning         Tloc           13%        N/A       12%         3
 Teleport Other           Tloc           13%        N/A       12%         3
 Ice Form                 Ice/Tmut       13%        N/A       36%         4
 Passage of Golubria      Tloc           13%        N/A       36%         4
 Summon Ice Beast         Ice/Summ       13%        N/A       36%         4
 Yara's Violent Unravell  Hex/Tmut       13%        3d7       38%         5


Dungeon Overview and Level Annotations

Branches:
Dungeon (8/15)             Temple (1/1) D:7          Bailey (visited)
   Lair: D:8-11

Altars:
Ashenzari
Elyvilon
Kikubaaqudgha
Makhleb
Nemelex Xobeh
Qazlal
Ru
Trog
Wu Jian
Zin

Shops:
D:1 ?   D:7 ?:!!


Innate Abilities, Weirdness & Mutations

You can breathe bolts of dispelling energy.
Your rich purple scales are hard. (AC +7)
You cannot fit into any form of body armour.
You are cold-blooded and may be slowed by cold attacks.


Message History

The killer bee poisons you!
The white imp shouts, "Get thee gone, thou lumpish fat-kidneyed pissant!"
Your Long Blades skill increases to level 4!
A wave of flame ripples out!
The flame wave engulfs the wolf!
You kill the wolf!
The flame wave engulfs the killer bee!
You kill the killer bee!
The flame wave engulfs the polar bear.
The polar bear is severely wounded.
The flame wave engulfs the white imp!!
The white imp is burned terribly!
You kill the white imp!
The flame wave engulfs the vampire!
The vampire is moderately damaged.
You finish channelling waves of flame.
You feel sick.
The polar bear goes berserk!
Casting: Flame Wave (dangerous; 3% risk of failure)
Confirm with . or Enter, or press ? or * to list all spells.
Casting: Flame Wave (dangerous; 3% risk of failure)
Press: ? - help, Dir - look around, f - activate A wave of flame ripples out!
The flame wave engulfs the polar bear.
The polar bear is severely wounded.
The flame wave engulfs the vampire.
The vampire is moderately damaged. (Press . to intensify the flame waves.)
You feel sick. The polar bear bites you! The polar bear misses you.
The polar bear completely misses you. The vampire hits you!
The vampire misses you. The polar bear bites you!
* * * LOW HITPOINT WARNING * * *
The polar bear claws you.
* * * LOW HITPOINT WARNING * * *
The polar bear claws you but does no damage.
A wave of flame ripples out!
The flame wave engulfs the polar bear!!
You kill the polar bear!
The flame wave engulfs the vampire!
The vampire is heavily damaged.
You feel sick. The vampire hits you.
* * * LOW HITPOINT WARNING * * *
The vampire bites you.
You die...
Your body glows slightly and disappears.

####....##.........
...)..)..##.....#
....##.#..#.....# ...
#.#........#
....##.#)......##
.....o#........#
...............#
......##)......#
.......@†.#....#
...#..>†V......# .
#...#.......#..8
....................
..........#<......##.
...#...#######.#...#
.....## .#..... .....
.#..... .. .# ....


You could see a vampire.

Vanquished Creatures
  A two-headed ogre (Bailey)
  A polar bear (D:8)
  3 spriggans (Bailey)
  2 wyverns (D:7)
  A shadow (D:7)
  A wraith (D:6)
  A steam dragon (Bailey)
  2 water moccasins
  Duvessa (D:4)
  An orc warrior (D:7)
  A black bear (D:5)
  A sky beast (D:6)
  5 ice beasts
  9 ogres
  A wolf (D:8)
  A centaur (D:6)
  A kobold brigand (D:5)
  3 bullfrogs
  4 scorpions
  5 wights (D:7)
  Dowan (D:4)
  5 killer bees (D:8)
  A howler monkey (D:8)
  2 electric eels (D:5)
  A wyvern simulacrum (D:8)
  A gnoll bouda (D:7)
  2 orc priests
  2 hounds (D:5)
  An iguana (D:4)
  An orc wizard (D:5)
  Natasha (thrice) (D:4)
  3 gnolls (D:7)
  8 adders
  A shadow imp (D:6)
  3 white imps
  2 ufetubi
  A worm (D:5)
  15 orcs
  4 bats
  8 endoplasms
  4 giant cockroaches
  5 goblins
  5 hobgoblins
  9 jackals
  8 kobolds
  3 quokkas
  11 ball pythons
  6 frilled lizards
  3 rats
164 creatures vanquished.

Vanquished Creatures (collateral kills)
  An orc priest (D:7)
  2 orcs (D:4)
  A kobold (D:5)
4 creatures vanquished.

Vanquished Creatures (others)
  2 dancing weapons
  67 foxfires
  2 plants (D:5)
71 creatures vanquished.

Grand Total: 239 creatures vanquished

Notes
Turn   | Place    | Note
-------+----------+-------------------------------------------
     0 | D:1      | Manetho the Draconian Fire Elementalist began the quest for
                  | the Orb.
     0 | D:1      | Reached XP level 1. HP: 14/14 MP: 3/3
   260 | D:1      | Reached XP level 2. HP: 19/20 MP: 1/5
   263 | D:1      | Learned a level 2 spell: Scorch
   530 | D:2      | Reached XP level 3. HP: 26/26 MP: 0/6
   560 | D:3      | Learned a level 3 spell: Inner Flame
   598 | D:3      | HP: 1/26 [white imp/puff of frost (10)]
  1005 | D:3      | Found an ornate altar of the Wu Jian Council.
  1145 | D:3      | Reached XP level 4. HP: 28/34 MP: 0/7
  1608 | D:4      | Noticed an ogre
  1608 | D:4      | Noticed Duvessa
  1608 | D:4      | Noticed Dowan
  1621 | D:5      | Entered Level 5 of the Dungeon
  1621 | D:5      | Noticed a water moccasin
  1626 | D:5      | Noticed a kobold brigand
  1626 | D:5      | Noticed a black bear
  1630 | D:5      | Killed a water moccasin
  1630 | D:5      | Noticed a bullfrog
  1631 | D:5      | Reached skill level 1 in Fighting
  1631 | D:5      | Reached skill level 3 in Spellcasting
  1631 | D:5      | Reached skill level 1 in Hexes
  1631 | D:5      | Reached XP level 5. HP: 29/40 MP: 0/9
  1635 | D:5      | Noticed an ice beast
  1644 | D:5      | Reached skill level 1 in Long Blades
  1644 | D:5      | Reached XP level 6. HP: 17/47 MP: 2/11
  1648 | D:5      | Found a sparkling altar of Nemelex Xobeh.
  1656 | D:5      | Learned a level 3 spell: Tukima's Dance
  1681 | D:5      | Became a worshipper of Nemelex Xobeh the Trickster
  1713 | D:5      | Identified the +2 robe of Jebril {Rampage Will- Int+4}
  1977 | D:5      | Found a transporter.
  2015 | D:5      | Your scales start taking on a rich purple colour.
  2015 | D:5      | Reached skill level 4 in Spellcasting
  2015 | D:5      | Reached XP level 7. HP: 16/53 MP: 6/14
  2235 | D:5      | Found a transporter.
  2320 | D:5      | Reached skill level 5 in Spellcasting
  2320 | D:5      | Reached skill level 5 in Fire Magic
  2329 | D:5      | Learned a level 4 spell: Flame Wave
  2866 | D:4      | Noticed Natasha
  2873 | D:4      | Killed Natasha
  2903 | D:4      | Reached XP level 8. HP: 42/61 MP: 0/16
  3259 | D:4      | Killed Dowan
  3260 | D:4      | Reached skill level 1 in Evocations
  3284 | D:4      | Killed Duvessa
  3285 | D:4      | Reached skill level 1 in Invocations
  3359 | D:4      | Noticed Natasha
  3365 | D:4      | Killed Natasha
  4575 | D:1      | Reached * piety under Nemelex Xobeh
  4623 | D:1      | Found Keakaim's Magic Scroll Emporium.
  4632 | D:1      | Bought a scroll of magic mapping for 97 gold pieces
  4632 | D:1      | Bought a scroll of butterflies for 52 gold pieces
  4632 | D:1      | Bought a scroll of teleportation for 39 gold pieces
  4632 | D:1      | Bought a scroll of identify for 26 gold pieces
  4632 | D:1      | Bought a scroll of immolation for 52 gold pieces
  4663 | D:1      | Found a faded altar of an unknown god.
  4899 | D:4      | Noticed Natasha
  4903 | D:4      | Killed Natasha
  4953 | D:6      | Reached skill level 6 in Spellcasting
  5259 | D:6      | Reached XP level 9. HP: 64/69 MP: 7/19
  5270 | D:6      | Received a gift from Nemelex Xobeh
  5294 | D:7      | Found Bulitit's Magic Scroll Shoppe.
  5306 | D:7      | Reached skill level 7 in Spellcasting
  5359 | D:7      | Bought a scroll of identify for 28 gold pieces
  5360 | D:7      | Found Weoggiec's Book Shoppe.
  5462 | D:7      | Reached ** piety under Nemelex Xobeh
  5497 | D:7      | Found a flagged portal.
  5506 | Bailey   | Entered a bailey
  5866 | Bailey   | Reached skill level 8 in Spellcasting
  6147 | Bailey   | Reached XP level 10. HP: 28/78 MP: 15/22
  6261 | Bailey   | Noticed a two-headed ogre
  6273 | Bailey   | Killed a two-headed ogre
  6517 | D:7      | Found Siamax's Distillery.
  6533 | D:7      | Found Nuikhiv's Distillery.
  6830 | D:7      | Found a staircase to the Ecumenical Temple.
  6872 | Temple   | Entered the Ecumenical Temple
  6910 | D:7      | Bought a scroll of poison for 56 gold pieces
  7148 | D:8      | Slain by a vampire

Illustrated notes

Levels and vault maps discovered:
D:1:      eino_arrival_water_star, layout_rooms, shapermc_ecumenical_altar_venn,
          serial_shops, shop, minmay_pentomino_q2
D:2:      layout_rooms
D:3:      layout_basic, nicolae_overflow_crystal_walls,
          nicolae_kite_square_tiling_tiny
D:4:      kennysheep_big_flooded_room, layout_basic, serial_co_window_serial,
          co_window_of_opportunity_a, co_window_corner_a, co_window_corner_a,
          co_window_paths_b, co_window_corner_a, co_window_corner_b,
          co_window_broadway_b, co_window_2corner, co_window_cross_2,
          co_window_paths_c, co_window_broadway_c, glass_columns_c,
          glass_columns_c, kennysheep_generic_room_8, uniq_duvessa, uniq_natasha
D:5:      gammafunk_steamed_eel, layout_rooms,
          mainiacjoe_overflow_small_starburst
D:6:      layout_cave_pools
D:7:      layout_rooms, minmay_temple_entry_slanted, serial_shops, shop,
          shop_fountains, nicolae_shop_hallway_plus, shop, enter_bailey_8
D:8:      layout_rooms, slow_altar_2, grunt_temple_overflow_open, serial_ice,
          serial_ice_i, serial_ice_d, serial_ice_g, serial_ice_n, serial_ice_h,
          serial_ice_e, serial_ice_c, serial_ice_f
Temple:   nicolae_temple_x_marks_the_god

Skill      XL: |  1  2  3  4  5  6  7  8  9 10 |
---------------+-------------------------------+-----
Stealth        | 2 3 4 |  4.6
Dodging        | 2 3 4 |  4.1
Fighting       | 1 2 3 4 |  4.2
Spellcasting   | 3 4 5 6 8 |  8.9
Conjurations   | 2 3 4 |  4.3
Hexes          | 1 2 3 4 |  4.5
Fire Magic     | 4 5 6 7 |  7.4
Long Blades    | 1 2 3 4 |  4.0
Evocations     | 2 3 |  3.5
Invocations    | 2 3 |  3.5
Polearms       | |  0.3
Throwing       | |  0.4

Action                   |  1- 3 |  4- 6 |  7- 9 | 10-12 || total
-------------------------+-------+-------+-------+-------++-------
Melee: Unarmed           |     1 |       |       |       ||     1
       Falchion          |    12 |    27 |    43 |       ||    82
       Tailslap          |     2 |     3 |     6 |       ||    11
       Punch             |       |     1 |     1 |       ||     2
       Glaive            |       |       |       |     3 ||     3
 Cast: Foxfire           |    15 |     6 |    14 |     1 ||    36
       Scorch            |    26 |    20 |    65 |    12 ||   123
       Tukima's Dance    |       |       |    17 |     1 ||    18
       Flame Wave        |       |       |     8 |     3 ||    11
Invok: Draw Destruction  |       |       |     1 |     1 ||     2
 Abil: Breathe Dispellin |       |       |    38 |     4 ||    42
Evoke: Wand              |       |     1 |    17 |     1 ||    19
  Use: Scroll            |     5 |     5 |     7 |     3 ||    20
       Potion            |     5 |     2 |     5 |     1 ||    13
 Stab: Sleeping          |       |       |       |     1 ||     1
Armor: Skin              |    22 |    32 |    47 |    27 ||   128
Dodge: Dodged            |    52 |    42 |    80 |    31 ||   205
